 Dungeon Crawl Stone Soup version 0.31-a0-455-g1a7b003ef0 (webtiles) character file.

Game seed: 15432506716140163764

407 juan097 the Digger (level 6, -1/48 HPs)
             Began as a Gargoyle Earth Elementalist on Aug 3, 2023.
             Was an Initiate of Vehumet.
             Slain by a hound (4 damage)
             ... on level 5 of the Dungeon.
             The game lasted 00:07:33 (3949 turns).

juan097 the Digger (Gargoyle Earth Elementalist)    Turns: 3949, Time: 00:07:34

Health: -1/48      AC: 23    Str: 18    XL:     6   Next: 88%
Magic:  11/11      EV:  2    Int: 17    God:    Vehumet [......]
Gold:   258        SH:  0    Dex: 10    Spells: 6/12 levels left

rFire   . . .        a - +0 dagger (venom)
rCold   . . .        (no shield)
rNeg    + . .        i - melded +0 leather armour
rPois   ∞            (helmet currently unavailable)
rElec   .            (cloak currently unavailable)
rCorr   .            (gloves currently unavailable)
SInv    .            g - melded +0 pair of boots
Will    .....        (no amulet)
Stlth   ++           s - +6 ring of strength
HPRegen 0.28/turn    (no ring)
MPRegen 0.12/turn

%: no passive effects
@: mighty, tree-form
A: stationary, stasis, torment immunity, boosted hp, sickness immunity, AC +4,
negative energy resistance 1, (electricity resistance), torment resistance 1,
petrification resistance
a: Renounce Religion


You were on level 5 of the Dungeon.
You worshipped Vehumet.
Vehumet was noncommittal.
You were a tree.
You visited 2 branches of the dungeon, and saw 6 of its levels.

You collected 258 gold pieces.

Inventory:

Hand Weapons
 a - a +0 dagger of venom (weapon)
Missiles
 e - 22 poisoned darts
Armour
 f - a +0 robe
 g - a +0 pair of boots (melded)
 i - a +0 leather armour (melded)
Jewellery
 s - a +6 ring of strength (left branch)
Scrolls
 k - a scroll of fog {unknown}
 n - a scroll of immolation {unknown}
 p - a scroll of identify {unknown}
 r - a scroll of noise {unknown}
 u - a scroll of teleportation {unknown}
Potions
 b - 3 potions of magic
 c - a potion of berserk rage {unknown}
 d - a potion of lignification
 h - a potion of degeneration {unknown}
 j - 3 potions of might
 l - a potion of haste {unknown}
 m - a potion of heal wounds {unknown}
 o - a potion of cancellation {unknown}
 q - a potion of mutation {unknown}
 t - a potion of resistance {unknown}


   Skills:
 - Level 1.5 Dodging
 - Level 4.0 Stealth
 + Level 3.6 Spellcasting
 + Level 2.2 Conjurations
 - Level 2.0 Transmutations
 - Level 6.0 Earth Magic


You had 6 spell levels left.
You knew the following spells:

 Your Spells              Type           Power      Damage    Failure   Level
a - Sandblast             Erth           46%        2d11      1%          1
b - Passwall              Tmut/Erth      13%        N/A       4%          2
c - Stone Arrow           Conj/Erth      34%        3d9       9%          3

Your spell library contained the following spells:

 Spells                   Type           Power      Damage    Failure   Level
 Kiss of Death            Conj/Necr      24%        2d7       11%         1
 Petrify                  Tmut/Erth      16%        N/A       32%         4
 Confusing Touch          Hex            3%         N/A       45%         3
 Inner Flame              Hex/Fire       3%         N/A       45%         3
 Dispel Undead            Necr           3%         3d7       86%         4
 Yara's Violent Unravell  Hex/Tmut       3%         3d4       97%         5
 Enfeeble                 Hex            1%         N/A       100%        7


Dungeon Overview and Level Annotations

Branches:
Dungeon (5/15)             Temple (1/1) D:4

Altars:
Ashenzari
Cheibriados
Dithmenos
Elyvilon
Fedhas
Gozag
Kikubaaqudgha
Makhleb
Nemelex Xobeh
Okawaru
Qazlal
Ru
Trog
Vehumet
Wu Jian
Yredelemnul


Innate Abilities, Weirdness & Mutations

You are a tree.
Your roots penetrate the ground, keeping you stationary.
You cannot be teleported.
You are immune to unholy pain and torment.
Your maximum health is greatly increased.
Your equipment is partially melded.
You are immune to sickness and miasma.
((Your stone body is resilient. (AC +4)))
You are immune to poison.
You resist negative energy. (rN+)
((You are resistant to electric shocks. (rElec)))
You are resistant to unholy torment.
You are immune to petrification.


Message History

The killer bee stings you but does no damage. x2
You miss the killer bee. The killer bee misses you.
The killer bee barely misses you.
You closely miss the killer bee. The killer bee barely misses you.
The killer bee stings you!
You hit the killer bee.
The killer bee is poisoned.
The killer bee is lightly wounded.
The killer bee stings you.
* * * LOW HITPOINT WARNING * * *
The killer bee stings you but does no damage.
The killer bee stings you.
* * * LOW HITPOINT WARNING * * *
Okay, then.
Okay, then.
The killer bee closely misses you.
The killer bee attacks as you move away!
The killer bee stings you.
* * * LOW HITPOINT WARNING * * *
The killer bee barely misses you.
It was a potion of might.
You feel very mighty all of a sudden. The killer bee misses you.
The killer bee stings you but does no damage.
You hit the killer bee.
You kill the killer bee!
Vehumet accepts your kill.
Training target 2.0 for Transmutations reached!
Your Transmutations skill increases to level 2!
You barely miss the hound. The hound bites you.
* * * LOW HITPOINT WARNING * * *
The hound barely misses you.
It was a potion of lignification.
You turn into a tree.
Your +0 pair of boots melds into your body.
Your +0 leather armour melds into your body.
Your roots penetrate the ground.
The hound barely misses you.
You barely miss the hound.
The hound bites you but does no damage. x2
You closely miss the hound. The hound bites you but does no damage.
You barely miss the hound. The hound bites you but does no damage.
The hound bites you.
You die...

### #.# #.# ######
#.#################<....
#...yoh♣................
#.###########.########..
#.# #.# #.. #.# #.# #..
#h###########.########..
#y......................
#.###########.########.#
#o# #.# #.# ... #.# #.#


You could see a hound, a killer bee and an orc.

Vanquished Creatures
  2 killer bees (D:5)
  A hound (D:4)
  An orc priest (D:4)
  A jelly (D:4)
  An iguana (D:4)
  A scorpion zombie (D:4)
  2 hound zombies (D:4)
  A howler monkey zombie (D:4)
  6 adders
  2 dart slugs
  10 orcs
  3 bats
  5 endoplasms
  3 giant cockroaches
  10 hobgoblins
  2 jackals (D:1)
  9 kobolds
  4 quokkas
  5 ball pythons
  4 frilled lizards
  9 goblins
  A rat (D:1)
83 creatures vanquished.

Notes
Turn   | Place    | Note
-------+----------+-------------------------------------------
     0 | D:1      | juan097 the Gargoyle Earth Elementalist began the quest for
                  | the Orb.
     0 | D:1      | Reached XP level 1. HP: 10/10 MP: 3/3
   236 | D:1      | Reached skill level 4 in Earth Magic
   236 | D:1      | Reached XP level 2. HP: 14/15 MP: 0/5
   799 | D:1      | Reached XP level 3. HP: 19/19 MP: 4/6
   802 | D:1      | Learned a level 2 spell: Passwall
   807 | D:1      | Learned a level 3 spell: Stone Arrow
  1452 | D:2      | Found an ancient bone altar of Kikubaaqudgha.
  2092 | D:3      | Reached XP level 4. HP: 24/24 MP: 3/7
  2450 | D:2      | Reached skill level 5 in Earth Magic
  3035 | D:4      | Reached XP level 5. HP: 28/28 MP: 5/9
  3093 | D:4      | Reached skill level 1 in Transmutations
  3155 | D:4      | Found a staircase to the Ecumenical Temple.
  3186 | Temple   | Entered the Ecumenical Temple
  3191 | Temple   | Became a worshipper of Vehumet
  3244 | D:4      | Reached skill level 1 in Conjurations
  3246 | D:4      | Reached XP level 6. HP: 28/32 MP: 3/10
  3459 | D:4      | Found a basalt altar of Yredelemnul.
  3464 | D:4      | Reached skill level 6 in Earth Magic
  3842 | D:4      | Noticed an ice beast
  3870 | D:5      | Entered Level 5 of the Dungeon
  3942 | D:5      | HP: 1/32 [killer bee (3)]
  3949 | D:5      | Slain by a hound

Illustrated notes

Levels and vault maps discovered:
D:1:      orjb1_lava_funnel, layout_basic
D:2:      layout_rooms, basic_altar, serial_rivers,
          chequers_serial_rivers_small_b, chequers_serial_rivers_micro_b,
          chequers_serial_rivers_micro_b, chequers_serial_rivers_small_b,
          chequers_serial_rivers_large_a, chequers_serial_rivers_marsh
D:3:      layout_rooms, minmay_misc_feat_chi, minmay_misc_feat_pillars
D:4:      layout_loops_ring, nicolae_yredelemnul_corpse_copse,
          minmay_temple_entry_ruins, kennysheep_flooded_box,
          grunt_decor_one_mirror
D:5:      layout_basic, lemuel_doored_altar
Temple:   minmay_freezing_vapour_temple

Skill      XL: |  1  2  3  4  5  6 |
---------------+-------------------+-----
Earth Magic    | 4 5 6 |  6.0
Stealth        | 3 4 |  4.0
Transmutations | 1 2 |  2.0
Spellcasting   | 3 |  3.6
Conjurations   | 1 2 |  2.2
Dodging        | |  1.5

Action                     |  1- 3 |  4- 6 || total
---------------------------+-------+-------++-------
  Melee: Unarmed           |    14 |       ||    14
         Dagger            |       |    24 ||    24
   Cast: Sandblast         |    54 |    67 ||   121
    Use: Potion            |       |     2 ||     2
   Stab: Sleeping          |       |     2 ||     2
 Armour: Robe              |    22 |       ||    22
         Leather armour    |       |    36 ||    36
         Skin              |       |     4 ||     4
  Dodge: Dodged            |    45 |    54 ||    99

Table legend: (Time is in decaauts)
 A = Elapsed time spent in this place.
 B = Non-inter-level travel time spent in this place.
 C = Inter-level travel time spent in this place.
 D = Time resting spent in this place.
 E = Time spent auto-exploring this place.
 F = Levels seen in this place.
 G = Mean time per level.
                   A        B        C        D        E       F      G
               +--------+--------+--------+--------+--------+-----+--------+
         Total |   4022 |   3886 |    136 |     54 |   3148 |   6 |  670.3 |
       Dungeon |   4011 |   3875 |    136 |     54 |   3148 |   5 |  802.2 |
        Temple |     10 |     10 |      0 |      0 |      0 |   1 |   10.0 |
               +--------+--------+--------+--------+--------+-----+--------+

Top non-repeatable levels by time:
     D:1: 1424 daAuts
     D:4: 1050 daAuts
     D:2: 732 daAuts
     D:3: 725 daAuts
     D:5: 79 daAuts
  Temple: 10 daAuts
